 Dungeon Crawl Stone Soup version 0.28.0-53-g5a82cb258f (webtiles) character file.

Game seed: 13106461439414253181

987 DildoBatman the Magician (level 8, -3/58 HPs)
             Began as a Formicid Conjurer on Aug 9, 2022.
             Was a Follower of Kikubaaqudgha.
             Slain by Duvessa
             ... wielding a +0 short sword
              (7 damage)
             ... on level 5 of the Dungeon.
             The game lasted 00:12:43 (4594 turns).

DildoBatman the Magician (Formicid Conjurer)        Turns: 4594, Time: 00:12:43

Health: -3/58      AC:  4    Str: 11    XL:     8   Next: 41%
Magic:  1/17       EV: 16    Int: 19    God:    Kikubaaqudgha [*.....]
Gold:   218        SH:  0    Dex: 11    Spells: 9/20 levels left

rFire   . . .      SeeInvis +   b - +2 short sword (protect)
rCold   . . .      Faith    .   (no shield)
rNeg    . . .      Spirit   .   j - +0 robe
rPois   .          Reflect  .   (helmet unavailable)
rElec   .          Harm     .   s - +1 cloak {rCorr}
rCorr   +          Rampage  .   (no gloves)
Will    .....                   (no boots)
Stlth   ++........              r - amulet of regeneration
HPRegen 0.99/turn               f - +4 ring of evasion
MPRegen 0.15/turn               (no ring)

@: no status effects
A: permanent stasis, dig shafts and tunnels, antennae 3, four strong arms
a: Dig, Shaft Self, Renounce Religion, Receive Corpses


You were on level 5 of the Dungeon.
You worshipped Kikubaaqudgha.
Kikubaaqudgha was aware of your devotion.
You visited 2 branches of the dungeon, and saw 6 of its levels.

You collected 218 gold pieces.

Inventory:

Hand Weapons
 a - a +1 hunting sling of flaming
 b - a +2 short sword of protection (weapon)
 d - a +2 whip of venom
 D - a +0 dagger of electrocution
Missiles
 c - 29 bolts
 e - 186 stones
 m - 2 atropa-tipped darts
 u - 14 sling bullets
 x - 91 arrows
 A - 3 curare-tipped darts
Armour
 j - a +0 robe (worn)
 s - a +1 cloak of preservation (worn)
Jewellery
 f - a +4 ring of evasion (left hand)
 r - an amulet of regeneration (around neck)
 z - the ring "Tatimneshrez" {Fly rF- Str+4 Dex+3 Slay-6 Stlth+}
   (You found it on level 4 of the Dungeon)

   [ring of flight]

   Str:       It affects your strength (+4).
   Dex:       It affects your dexterity (+3).
   Slay:      It affects your accuracy & damage with ranged weapons and melee
   (-6).
   rF:        It makes you vulnerable to fire.
   Fly:       It grants you flight.
   Stlth:     It makes you more stealthy.
Wands
 p - a wand of paralysis (3)
 C - a wand of acid (7)
Scrolls
 h - 3 scrolls of identify {unknown}
 k - a scroll of vulnerability {unknown}
 l - 4 scrolls of immolation {unknown}
 n - 3 scrolls of teleportation {unknown}
 w - a scroll of silence {unknown}
 y - a scroll of holy word {unknown}
 B - a scroll of enchant weapon {unknown}
Potions
 g - a potion of resistance {unknown}
 i - a potion of mutation {unknown}
 o - a potion of curing {unknown}
 q - 2 potions of invisibility {unknown}
 t - 3 potions of might {unknown}
 v - a potion of heal wounds {unknown}


   Skills:
 - Level 3.0 Fighting
 - Level 3.0 Armour
 - Level 2.0 Dodging
 - Level 2.4 Stealth
 * Level 6.5 Spellcasting
 - Level 6.0 Conjurations


You had 9 spell levels left.
You knew the following spells:

 Your Spells              Type           Power      Damage    Failure   Level
a - Searing Ray           Conj           58%        2d6       1%          2
b - Vampiric Draining     Necr           6%         2d6       32%         3
c - Magic Dart            Conj           100%       1d8       1%          1
e - Mephitic Cloud        Conj/Pois/Air  13%        N/A       14%         3
z - Sublimation of Blood  Necr           6%         N/A       16%         2

Your spell library contained the following spells:

 Spells                   Type           Power      Damage    Failure   Level
 Dazzling Flash           Conj/Hex       34%        N/A       10%         3
 Animate Skeleton         Necr           12%        N/A       11%         1
 Call Imp                 Summ           6%         N/A       16%         2
 Corpse Rot               Necr/Air       12%        N/A       16%         2
 Wereblood                Tmut           6%         N/A       16%         2
 Fulminant Prism          Conj/Hex       8%         3d7       30%         4
 Iskenderun's Mystic Bla  Conj/Tloc      17%        2d5       30%         4
 Portal Projectile        Hex/Tloc       12%        N/A       32%         3
 Blade Hands              Tmut           3%         N/A       96%         5
 Excruciating Wounds      Necr           3%         N/A       96%         5
 Summon Hydra             Summ           3%         N/A       100%        7


Dungeon Overview and Level Annotations

Branches:
Dungeon (5/15)             Temple (1/1) D:4

Altars:
Ashenzari
Dithmenos
Gozag
Hepliaklqana
Kikubaaqudgha
Nemelex Xobeh
Qazlal
Uskayaw
Vehumet
Wu Jian
Xom
Zin
The Shining One

Annotations:
D:5 Dowan, Duvessa


Innate Abilities, Weirdness & Mutations

You cannot be hasted, slowed, berserked, paralysed or teleported.
You can dig through walls and to a lower floor.
You have a pair of large antennae on your head. (SInv)
Your four strong arms can wield two-handed weapons with a shield.


Message History

Duvessa hits you with a +0 short sword! Duvessa hits you with a +0 short sword.
Duvessa hits you with a +0 short sword. Duvessa hits you with a +0 short sword.
Dowan mumbles some strange words.
Dowan blinks!
Duvessa hits you but does no damage. Dowan gestures at you while chanting.
The puff of frost hits you! Duvessa barely misses you.
Things that are here:
a +0 scale mail; the goblin corpse of Ijyb Duvessa barely misses you.
Dowan smirks and points a slender finger.
Dowan casts a spell.
Dowan blinks!
Casting: Magic Dart (safe; 1% risk of failure)
Confirm with . or Enter, or press ? or * to list all spells.
Aiming: Searing Ray (safe; 1% risk of failure)
Press: ? - help, Shift-Dir - straight line, f/p - Duvessa
Aim: Duvessa, wielding a +0 short sword and wearing a +0 chain mail (heavily wounded, fast, 87% to hit)
The searing ray hits Duvessa but does no damage.
Duvessa is heavily wounded. (Press . to maintain the ray.) Duvessa hits you with a +0 short sword.
Duvessa hits you with a +0 short sword!
The searing ray hits Duvessa!
Duvessa is severely wounded.
Duvessa barely misses you.
The searing ray hits Duvessa but does no damage.
Duvessa is severely wounded.
Duvessa hits you with a +0 short sword!
Duvessa says, "When magic and the sword combine, nothing stands against them."
Duvessa hits you with a +0 short sword.
The searing ray misses Duvessa.
You finish channelling your searing ray.
Duvessa hits you with a +0 short sword! Duvessa hits you with a +0 short sword!
You die...
Kikubaaqudgha rasps: "You have failed me!
Welcome... death!"

)).).#.......#..##.#..## #.(....
#####<.........###..#..# #..(###
####............##...#.# #...##
.....######....{.###..#####.#..#
..#### ##+#####.##_##..##.#..##
..# #.....<#[####...##.##... ..+
+....# #.# #...##.##...
..########....###e# #..(##.##...
..#......'......@.#####'###.###..
..#.######..................# #.>
.)#.# #....#########[##### ###
###.# #....# #........ #.# #....#
######### #.# #....# #.# ######
#.# #.#


You could see Duvessa (fast).

Vanquished Creatures
  2 black bears (D:5)
  A necrophage (D:5)
  An ogre (D:4)
  4 crimson imps (D:4)
  Crazy Yiuf (D:2)
  A bullfrog skeleton (D:4)
  A gnoll shaman (D:5)
  A scorpion zombie (D:5)
  Ijyb (D:5)
  Natasha (thrice) (D:2)
  A hound skeleton (D:4)
  A howler monkey skeleton (D:4)
  6 adders
  13 gnolls
  A shadow imp (D:4)
  An ufetubus (D:4)
  A dart slug (D:1)
  5 orcs
  7 ball pythons
  4 endoplasms
  2 giant cockroaches (D:1)
  6 goblins
  5 hobgoblins
  4 jackals
  7 bats
  3 kobolds (D:1)
  A quokka skeleton (D:4)
  7 rats
91 creatures vanquished.

Notes
Turn   | Place    | Note
-------+----------+-------------------------------------------
     0 | D:1      | DildoBatman the Formicid Conjurer began the quest for the
                  | Orb.
     0 | D:1      | Reached XP level 1. HP: 13/13 MP: 3/3
   137 | D:1      | Reached XP level 2. HP: 20/20 MP: 0/5
   140 | D:1      | Learned a level 2 spell: Searing Ray
   390 | D:1      | Reached skill level 1 in Fighting
   390 | D:1      | Reached skill level 1 in Armour
   390 | D:1      | Reached XP level 3. HP: 23/26 MP: 0/6
   900 | D:2      | Reached XP level 4. HP: 17/32 MP: 4/8
  1027 | D:2      | Reached XP level 5. HP: 36/38 MP: 6/9
  1073 | D:2      | Found a runed translucent door.
  1074 | D:2      | Noticed Crazy Yiuf
  1187 | D:2      | Found a faded altar of an unknown god.
  1275 | D:2      | Noticed Natasha
  1963 | D:3      | Learned a level 2 spell: Sublimation of Blood
  1967 | D:3      | Learned a level 3 spell: Mephitic Cloud
  2371 | D:4      | Reached XP level 6. HP: 44/46 MP: 9/11
  2539 | D:4      | Found a staircase to the Ecumenical Temple.
  2551 | Temple   | Entered the Ecumenical Temple
  2564 | Temple   | Became a worshipper of Kikubaaqudgha
  2673 | D:2      | Killed Natasha
  2836 | D:2      | Noticed Natasha
  2840 | D:2      | Killed Natasha
  2963 | D:2      | Killed Crazy Yiuf
  3045 | D:2      | Noticed Natasha
  3050 | D:2      | Killed Natasha
  3324 | D:4      | Found a shimmering altar of Xom.
  3338 | D:4      | Reached XP level 7. HP: 46/52 MP: 3/13
  3341 | D:4      | Reached skill level 5 in Conjurations
  3563 | D:4      | Identified the ring "Tatimneshrez" {Fly rF- Str+4 Dex+3
                  | Slay-6 Stlth+}
  3649 | D:4      | Found an ornate altar of the Wu Jian Council.
  3927 | D:5      | Entered Level 5 of the Dungeon
  3951 | D:5      | Reached skill level 5 in Spellcasting
  3986 | D:5      | Reached XP level 8. HP: 48/58 MP: 6/16
  4099 | D:5      | Found an opulent altar of Gozag.
  4288 | D:5      | Reached * piety under Kikubaaqudgha
  4288 | D:5      | Received a gift from Kikubaaqudgha
  4305 | D:5      | Learned a level 3 spell: Vampiric Draining
  4340 | D:5      | Found a stormy altar of Qazlal.
  4420 | D:5      | Noticed Duvessa
  4420 | D:5      | Noticed Dowan
  4433 | D:5      | Noticed Ijyb
  4497 | D:5      | Killed Ijyb
  4594 | D:5      | Slain by Duvessa

Illustrated notes

Levels and vault maps discovered:
D:1:      grunt_arrival_crossed_arrows, layout_basic, serial_forest,
          infiniplex_forest_corner_1, infiniplex_forest_lined_3_way,
          infiniplex_forest_corner_1, infiniplex_forest_3_way,
          infiniplex_forest_clump_C, infiniplex_forest_corner_1
D:2:      layout_basic, ebering_ecumenical_altar_sacrificial, uniq_natasha,
          uniq_crazy_yiuf_cottage
D:3:      layout_loops_ring, minmay_splitting_lines
D:4:      layout_basic, nicolae_wu_jian_glorious_leap, led_xom_imps,
          minmay_temple_entry_glass
D:5:      layout_basic, nicolae_ru_sacrificial_ziggurat, marbit_many_paths,
          grunt_gozag_breadcrumbs, uniq_ijyb, uniq_duvessa
Temple:   dpeg_three_leaves_temple

Skill      XL: |  1  2  3  4  5  6  7  8 |
---------------+-------------------------+-----
Dodging        | 2 |  2.0
Fighting       | 1 2 3 |  3.0
Armour         | 1 2 3 |  3.0
Conjurations   | 4 5 6 |  6.0
Spellcasting   | 3 4 5 6 |  6.5
Stealth        | |  2.4

Action                   |  1- 3 |  4- 6 |  7- 9 || total
-------------------------+-------+-------+-------++-------
Melee: Unarmed           |     1 |       |       ||     1
       Spear             |    15 |       |       ||    15
       Club              |     4 |       |       ||     4
       Punch             |     1 |       |     1 ||     2
       Short sword       |       |       |    23 ||    23
 Fire: Hunting sling     |    10 |    89 |    67 ||   166
 Cast: Magic Dart        |    24 |     2 |     7 ||    33
       Searing Ray       |     1 |    15 |    15 ||    31
 Abil: Dig               |       |       |     2 ||     2
 Stab: Sleeping          |     4 |       |       ||     4
Armor: Robe              |     2 |     5 |    10 ||    17
Dodge: Dodged            |    14 |    45 |    79 ||   138
